NYP
CONNECTICUT TIGERS @ MAHONING VALLEY SCRAPPERS
08/16/2045
 
TOP OF THE 1ST
Connecticut Tigers batting - Pitching for Mahoning Valley Scrappers : RHP Mario Trujillo
Pitching: RHP Mario Trujillo
Batting: LHB Jeff Trapp 0-0: Called Strike
0-1: Foul Ball, location: 2F
0-2: Foul Ball, location: 2F
0-2: Foul Ball, location: 2F
0-2: Foul Ball, location: 2F
0-2: Ball
1-2: Ball
2-2: Fly out, F7 (Line Drive, 7, EV 92.5 MPH)
Batting: RHB Travis Newton 0-0: Called Strike
0-1: Ball
1-1: Ball
2-1: Ball
3-1: Base on Balls
Batting: LHB Gabe Mendez 0-0: Ball
Travis Newton is caught stealing 2nd base 2-6
1-0: Ball
2-0: DOUBLE (Line Drive, 9LM, EV 104.4 MPH)
Batting: LHB Jon Frederick 0-0: Ball
1-0: Swinging Strike
1-1: Ball
2-1: Ball
3-1: Fly out, F4 (Line Drive, 4, EV 70.6 MPH)
Top of the 1st over - 0 runs, 1 hit, 0 errors, 1 left on base; Connecticut 0 - Mahoning Valley 0
BOTTOM OF THE 1ST
Mahoning Valley Scrappers batting - Pitching for Connecticut Tigers : RHP Scott King
Pitching: RHP Scott King
Batting: RHB Jonathan Underhill 0-0: Ground out 1-3 (Groundball, 15S, EV 65.0 MPH)
Batting: RHB Jorge Valles 0-0: Ball
1-0: Ground out 5-3 (Groundball, 56, EV 80.0 MPH)
Batting: RHB Mike Sims 0-0: Called Strike
0-1: Ball
1-1: Swinging Strike
1-2: Ball
2-2: Foul Ball, location: 2F
2-2: Ground out 6-3 (Groundball, 6, EV 90.0 MPH)
Bottom of the 1st over - 0 runs, 0 hits, 0 errors, 0 left on base; Connecticut 0 - Mahoning Valley 0
TOP OF THE 2ND
Connecticut Tigers batting - Pitching for Mahoning Valley Scrappers : RHP Mario Trujillo
Batting: RHB Mike Sebastian 0-0: Called Strike
0-1: Foul Ball, location: 2F
0-2: Foul Ball, location: 2F
0-2: Foul Ball, location: 2F
0-2: Ball
1-2: Foul Ball, location: 2F
1-2: Ground out 5-3 (Groundball, 56, EV 83.1 MPH)
Batting: RHB Eric Blaha 0-0: Ball
1-0: DOUBLE (Line Drive, 78D, EV 107.5 MPH)
Batting: RHB Vince Chipman 0-0: Called Strike
0-1: Ball
1-1: Swinging Strike
1-2: Ball
Wild Pitch!
Eric Blaha to third
2-2: Ball
3-2: Foul Ball, location: 2F
3-2: Base on Balls
Batting: RHB Rocky Hart 0-0: Ball
1-0: Ball
2-0: Ball
3-0: Called Strike
3-1: Called Strike
3-2: Base on Balls
Vince Chipman to second
Batting: SHB Dan Crutchfield 0-0: Swinging Strike
0-1: Ball
1-1: Fly out, F7 (Line Drive, 7, EV 89.4 MPH)
Runner from 3rd tags up, SCORES, no throw by LF
Batting: LHB Jeff Trapp 0-0: Ball
1-0: Swinging Strike
1-1: Foul Ball, location: 2F
1-2: Ball
2-2: 3-RUN HOME RUN (Flyball, 7D, EV 101.2 MPH), Distance : 387 ft
Batting: RHB Travis Newton 0-0: Called Strike
0-1: Foul Ball, location: 2F
0-2: SINGLE (Groundball, 6S, EV 73.1 MPH) (infield hit)
Batting: LHB Gabe Mendez 0-0: Ball
Travis Newton steals 2nd base
1-0: Foul Ball, location: 2F
1-1: Foul Ball, location: 2F
1-2: SINGLE (Groundball, 34D, EV 107.5 MPH)
Travis Newton to third
Runner from 3rd tries for Home, SAFE, throw by RF to home
Batting: LHB Jon Frederick 0-0: Ball
1-0: Ball
2-0: Ball
3-0: Base on Balls
Gabe Mendez to second
Pitching: RHP Rafael Borja
Batting: RHB Mike Sebastian 0-0: Ball
1-0: Ball
2-0: Ball
3-0: Called Strike
3-1: Base on Balls
Gabe Mendez to third
Jon Frederick to second
Batting: RHB Eric Blaha 0-0: Ball
1-0: Swinging Strike
1-1: Fly out, F7 (Flyball, 7LM, EV 106.2 MPH)
Top of the 2nd over - 5 runs, 4 hits, 0 errors, 3 left on base; Connecticut 5 - Mahoning Valley 0
BOTTOM OF THE 2ND
Mahoning Valley Scrappers batting - Pitching for Connecticut Tigers : RHP Scott King
Batting: SHB Charlie Diesel 0-0: Ball
1-0: Ball
2-0: Ball
3-0: Base on Balls
Batting: RHB Santos Guadalupe 0-0: Swinging Strike
0-1: Ball
1-1: Called Strike
1-2: Foul Ball, location: 2F
1-2: Foul Ball, location: 2F
1-2: Ball
2-2: Fly out, F4 (Flyball, 34D, EV 86.2 MPH)
Batting: RHB Chris Yancey 0-0: Called Strike
0-1: Called Strike
0-2: Strikes out swinging
Batting: RHB Edolf Vlemmings 0-0: SINGLE (Groundball, 34D, EV 107.5 MPH)
Charlie Diesel to second
Runner from 2nd tries for 3rd, SAFE, throw by RF made to third
Batting: RHB Egidius Kruger 0-0: Called Strike
0-1: Fly out, F8 (Flyball, 89D, EV 86.2 MPH)
Bottom of the 2nd over - 0 runs, 1 hit, 0 errors, 2 left on base; Connecticut 5 - Mahoning Valley 0
TOP OF THE 3RD
Connecticut Tigers batting - Pitching for Mahoning Valley Scrappers : RHP Rafael Borja
Batting: RHB Vince Chipman 0-0: Swinging Strike
0-1: Ball
1-1: Ball
2-1: Foul Ball, location: 2F
2-2: Foul Ball, location: 2F
2-2: SINGLE (Line Drive, 4D, EV 94.4 MPH)
Batting: RHB Rocky Hart 0-0: Ball
1-0: Foul Ball, location: 2F
1-1: Ball
2-1: Fielders Choice at 2nd, 2-6 (Groundball, 2R, EV 69.4 MPH)
Batting: SHB Dan Crutchfield 0-0: Called Strike
0-1: Ball
1-1: SINGLE (Groundball, 4D, EV 103.8 MPH)
Rocky Hart to second
Runner from 2nd tries for 3rd, SAFE, throw by CF made to third
Batting: LHB Jeff Trapp 0-0: Ball
Balk!
Rocky Hart scores
Dan Crutchfield to second
1-0: Ball
2-0: Foul Ball, location: 2F
2-1: Ball
3-1: Base on Balls
Batting: RHB Travis Newton 0-0: Ball
Dan Crutchfield steals 3rd base
Jeff Trapp to second
1-0: Called Strike
1-1: Ball
2-1: Foul Ball, location: 2F
2-2: Ball
3-2: Foul Ball, location: 2F
3-2: TRIPLE (Flyball, 78XD, EV 95.0 MPH)
Dan Crutchfield scores
Jeff Trapp scores
Batting: LHB Gabe Mendez 0-0: Called Strike
0-1: SINGLE (Groundball, 4MD, EV 95.0 MPH)
Travis Newton scores
Batting: LHB Jon Frederick 0-0: Ball
1-0: Ball
Wild Pitch!
Gabe Mendez to second
2-0: Ground out U3 (Groundball, 3, EV 85.0 MPH)
Gabe Mendez to third
Batting: RHB Mike Sebastian 0-0: Called Strike
0-1: Ball
1-1: Ball
2-1: Called Strike
2-2: Ground out 4-3 (Groundball, 4, EV 93.1 MPH)
Top of the 3rd over - 4 runs, 4 hits, 0 errors, 1 left on base; Connecticut 9 - Mahoning Valley 0
BOTTOM OF THE 3RD
Mahoning Valley Scrappers batting - Pitching for Connecticut Tigers : RHP Scott King
Batting: RHB Nelson Trujillo 0-0: Foul Ball, location: 2F
0-1: Ball
1-1: SINGLE (Line Drive, 5D, EV 95.0 MPH)
Batting: RHB Jonathan Underhill 0-0: Fly out, F5 (Line Drive, 5, EV 65.6 MPH)
Batting: RHB Jorge Valles 0-0: Called Strike
0-1: Ball
1-1: Fielders Choice at 2nd, 3-6 (Groundball, 34, EV 91.2 MPH)
Batting: RHB Mike Sims 0-0: Called Strike
Jorge Valles steals 2nd base
0-1: Foul Ball, location: 2F
0-2: Ball
1-2: Ball
2-2: Foul Ball, location: 2F
2-2: SINGLE (Groundball, 6S, EV 65.6 MPH) (infield hit)
Jorge Valles to third
Batting: SHB Charlie Diesel 0-0: Ball
1-0: Called Strike
1-1: Foul Ball, location: 2F
1-2: Ball
2-2: Fly out, F8 (Line Drive, 8LM, EV 95.6 MPH)
Bottom of the 3rd over - 0 runs, 2 hits, 0 errors, 2 left on base; Connecticut 9 - Mahoning Valley 0
TOP OF THE 4TH
Connecticut Tigers batting - Pitching for Mahoning Valley Scrappers : RHP Rafael Borja
Batting: RHB Eric Blaha 0-0: Ball
1-0: Ball
2-0: Swinging Strike
2-1: Ball
3-1: Base on Balls
Batting: RHB Vince Chipman 0-0: Ball
1-0: Ball
2-0: Called Strike
2-1: Ball
Wild Pitch!
Eric Blaha to second
3-1: Base on Balls
Batting: RHB Rocky Hart 0-0: Ball
1-0: Ball
2-0: 3-RUN HOME RUN (Flyball, 7LD, EV 92.5 MPH), Distance : 344 ft
Pitching: LHP Bertrand Preece
Batting: SHB Dan Crutchfield 0-0: Ball
1-0: Foul Ball, location: 2F
1-1: Ball
2-1: Ball
3-1: Foul Ball, location: 2F
3-2: Foul Ball, location: 2F
3-2: Base on Balls
Batting: LHB Jeff Trapp 0-0: Called Strike
0-1: Ball
1-1: SINGLE (Line Drive, 8LS, EV 100.6 MPH)
Dan Crutchfield to second
Batting: RHB Travis Newton 0-0: Called Strike
0-1: Ball
Balk!
Dan Crutchfield to third
Jeff Trapp to second
Balk!
Dan Crutchfield scores
Jeff Trapp to third
1-1: Ball
2-1: Foul Ball, location: 2F
2-2: Foul Ball, location: 2F
2-2: Ground out 6-3 (Groundball, 6, EV 82.5 MPH)
Jeff Trapp scores
Batting: LHB Gabe Mendez 0-0: Foul Ball, location: 2F
0-1: Ball
1-1: Foul Ball, location: 2F
1-2: Foul Ball, location: 2F
1-2: Ball
2-2: Strikes out swinging
Batting: LHB Jon Frederick 0-0: Called Strike
0-1: Ball
1-1: Ball
2-1: Ball
3-1: Swinging Strike
3-2: Base on Balls
Batting: RHB Mike Sebastian 0-0: Ball
1-0: Called Strike
1-1: Foul Ball, location: 2F
1-2: Ball
Balk!
Jon Frederick to second
2-2: Ground out 6-3 (Groundball, 6, EV 103.8 MPH)
Top of the 4th over - 5 runs, 2 hits, 0 errors, 1 left on base; Connecticut 14 - Mahoning Valley 0
BOTTOM OF THE 4TH
Mahoning Valley Scrappers batting - Pitching for Connecticut Tigers : RHP Scott King
Batting: RHB Santos Guadalupe 0-0: Called Strike
0-1: Swinging Strike
0-2: SINGLE (Groundball, 6MD, EV 98.8 MPH)
Batting: RHB Chris Yancey 0-0: Called Strike
0-1: Grounds into double play, 4-6-3 (Groundball, 4M, EV 103.8 MPH)
Batting: RHB Edolf Vlemmings 0-0: Ball
1-0: Swinging Strike
1-1: Ball
2-1: Foul Ball, location: 2F
2-2: Strikes out looking
Bottom of the 4th over - 0 runs, 1 hit, 0 errors, 0 left on base; Connecticut 14 - Mahoning Valley 0
TOP OF THE 5TH
Connecticut Tigers batting - Pitching for Mahoning Valley Scrappers : LHP Bertrand Preece
Batting: RHB Eric Blaha 0-0: Ball
1-0: Ball
2-0: Ball
3-0: Called Strike
3-1: Foul Ball, location: 2F
3-2: Base on Balls
Batting: RHB Vince Chipman 0-0: Grounds into double play, 4-6-3 (Groundball, 4, EV 93.8 MPH)
Batting: RHB Rocky Hart 0-0: Foul Ball, location: 2F
0-1: Ball
1-1: Foul Ball, location: 2F
1-2: SINGLE (Groundball, 6D, EV 101.2 MPH)
Batting: SHB Dan Crutchfield 0-0: Ball
1-0: Ball
2-0: Fielders Choice at 2nd, 5-4 (Groundball, 56, EV 85.6 MPH)
Top of the 5th over - 0 runs, 1 hit, 0 errors, 1 left on base; Connecticut 14 - Mahoning Valley 0
BOTTOM OF THE 5TH
Mahoning Valley Scrappers batting - Pitching for Connecticut Tigers : RHP Scott King
Batting: RHB Egidius Kruger 0-0: Called Strike
0-1: SINGLE (Groundball, 6MD, EV 93.8 MPH)
Batting: RHB Nelson Trujillo 0-0: Called Strike
Egidius Kruger steals 2nd base (no throw)
0-1: Swinging Strike
0-2: Strikes out swinging
Batting: RHB Jonathan Underhill 0-0: Ball
1-0: Ball
2-0: Ball
3-0: Called Strike
3-1: Fly out, F7 (Flyball, 7D, EV 86.2 MPH)
Batting: RHB Jorge Valles 0-0: Called Strike
0-1: Ball
1-1: Called Strike
1-2: Ball
2-2: Strikes out swinging
Bottom of the 5th over - 0 runs, 1 hit, 0 errors, 1 left on base; Connecticut 14 - Mahoning Valley 0
TOP OF THE 6TH
Connecticut Tigers batting - Pitching for Mahoning Valley Scrappers : LHP Bertrand Preece
Batting: LHB Jeff Trapp 0-0: Ball
1-0: Ball
2-0: Called Strike
2-1: Swinging Strike
2-2: Fly out, F9 (Flyball, 89S, EV 89.4 MPH)
Pitching: RHP Zach Robbins
Batting: RHB Travis Newton 0-0: Called Strike
0-1: Ball
1-1: Ground out 4-3 (Groundball, 4, EV 78.1 MPH)
Batting: LHB Gabe Mendez 0-0: Ball
1-0: Foul Ball, location: 2F
1-1: Ball
2-1: Ball
3-1: Base on Balls
Batting: LHB Jon Frederick 0-0: Foul Ball, location: 2F
0-1: Ball
1-1: Foul Ball, location: 2F
1-2: Hit by Pitch
Gabe Mendez to second
Batting: RHB Mike Sebastian 0-0: Called Strike
0-1: Ball
1-1: Ball
2-1: Called Strike
2-2: Ball
3-2: Foul Ball, location: 2F
3-2: Foul Ball, location: 2F
3-2: Base on Balls
Gabe Mendez to third
Jon Frederick to second
Batting: RHB Eric Blaha 0-0: Fly out, F8 (Flyball, 8RD, EV 76.9 MPH)
Top of the 6th over - 0 runs, 0 hits, 0 errors, 3 left on base; Connecticut 14 - Mahoning Valley 0
BOTTOM OF THE 6TH
Mahoning Valley Scrappers batting - Pitching for Connecticut Tigers : RHP Scott King
Batting: RHB Mike Sims 0-0: Called Strike
0-1: Ball
1-1: Foul Ball, location: 2F
1-2: Ball
2-2: Strikes out looking
Batting: SHB Charlie Diesel 0-0: Ball
1-0: Swinging Strike
1-1: Ground out U3 (Groundball, 3, EV 108.8 MPH)
Batting: RHB Santos Guadalupe 0-0: Called Strike
0-1: Ball
1-1: SINGLE (Groundball, 34D, EV 98.8 MPH)
Batting: RHB Chris Yancey 0-0: Foul Ball, location: 2F
0-1: Ball
Santos Guadalupe steals 2nd base (no throw)
1-1: Ball
2-1: Foul Ball, location: 2F
2-2: Strikes out swinging
Bottom of the 6th over - 0 runs, 1 hit, 0 errors, 1 left on base; Connecticut 14 - Mahoning Valley 0
TOP OF THE 7TH
Connecticut Tigers batting - Pitching for Mahoning Valley Scrappers : RHP Zach Robbins
Batting: RHB Vince Chipman 0-0: Ball
1-0: Ball
2-0: Called Strike
2-1: Called Strike
2-2: SINGLE (Groundball, 4S, EV 71.9 MPH) (infield hit)
Batting: RHB Rocky Hart 0-0: Ball
1-0: Ball
2-0: Foul Ball, location: 2F
2-1: Swinging Strike
2-2: Reached on error, E5 (Groundball, 56S, EV 80.6 MPH)
Vince Chipman to second
Batting: SHB Dan Crutchfield 0-0: Called Strike
0-1: Swinging Strike
0-2: Strikes out swinging
Batting: LHB Jeff Trapp 0-0: Ball
Balk!
Vince Chipman to third
Rocky Hart to second
1-0: Ball
Wild Pitch!
Vince Chipman scores
Rocky Hart to third
2-0: Ball
Wild Pitch!
Rocky Hart scores
3-0: Called Strike
3-1: Foul Ball, location: 2F
3-2: Base on Balls
Batting: RHB Travis Newton 0-0: Ball
1-0: Ball
2-0: Ball
Passed Ball!
Jeff Trapp to second
3-0: Base on Balls
Batting: LHB Gabe Mendez 0-0: Ball
1-0: Grounds into double play, 4-6-3 (Groundball, 4, EV 110.6 MPH)
Top of the 7th over - 2 runs, 1 hit, 1 error, 1 left on base; Connecticut 16 - Mahoning Valley 0
BOTTOM OF THE 7TH
Mahoning Valley Scrappers batting - Pitching for Connecticut Tigers : RHP Scott King
Batting: RHB Edolf Vlemmings 0-0: Ball
1-0: Ball
2-0: Swinging Strike
2-1: Foul Ball, location: 2F
2-2: Ball
3-2: Foul Ball, location: 2F
3-2: Base on Balls
Pitching: RHP Jerome Stady
Pinch Hitting: RHB Richie Schraven 0-0: Called Strike
Edolf Vlemmings steals 2nd, throwing error, E2
Edolf Vlemmings to third
0-1: Fly out, F8 (Line Drive, 8RM, EV 96.9 MPH)
Batting: RHB Nelson Trujillo 0-0: Ball
1-0: Ball
2-0: Called Strike
2-1: Called Strike
2-2: Ground out 5-3 (Groundball, 56S, EV 76.9 MPH)
Edolf Vlemmings scores
Batting: RHB Jonathan Underhill 0-0: Ball
1-0: Ball
2-0: Foul Ball, location: 2F
2-1: Ball
3-1: Called Strike
3-2: Base on Balls
Batting: RHB Jorge Valles 0-0: Called Strike
0-1: Ball
1-1: Ball
Jonathan Underhill steals 2nd base
2-1: Ball
3-1: Called Strike
3-2: 2-RUN HOME RUN (Flyball, 7D, EV 98.1 MPH), Distance : 378 ft
Batting: RHB Mike Sims 0-0: Called Strike
0-1: Ball
1-1: Ball
2-1: Ball
3-1: Base on Balls
Pinch Hitting: LHB David Savitt 0-0: Called Strike
0-1: Ball
Wild Pitch!
Mike Sims to second
1-1: Called Strike
1-2: Foul Ball, location: 2F
1-2: Foul Ball, location: 2F
1-2: Ball
2-2: Strikes out looking
Bottom of the 7th over - 3 runs, 1 hit, 1 error, 1 left on base; Connecticut 16 - Mahoning Valley 3
TOP OF THE 8TH
Connecticut Tigers batting - Pitching for Mahoning Valley Scrappers : RHP Zach Robbins
Now at 1B: David Savitt
Now at 3B: Richie Schraven
Batting: LHB Jon Frederick 0-0: Foul Ball, location: 2F
0-1: Ball
1-1: Called Strike
1-2: Ball
2-2: Ball
3-2: Base on Balls
Pitching: RHP John Gernaat
Batting: RHB Mike Sebastian 0-0: Fly out, F6 (Popup, 6MS, EV 68.8 MPH)
Batting: RHB Eric Blaha 0-0: Ball
1-0: SINGLE (Line Drive, 89S, EV 95.0 MPH)
Jon Frederick to second
Batting: RHB Vince Chipman 0-0: Ball
1-0: Fly out, F8 (Flyball, 89M, EV 91.9 MPH)
Batting: RHB Rocky Hart 0-0: Ball
1-0: Ball
Wild Pitch!
Jon Frederick to third
Eric Blaha to second
2-0: Called Strike
2-1: Called Strike
2-2: Strikes out swinging
Top of the 8th over - 0 runs, 1 hit, 0 errors, 2 left on base; Connecticut 16 - Mahoning Valley 3
BOTTOM OF THE 8TH
Mahoning Valley Scrappers batting - Pitching for Connecticut Tigers : RHP Jerome Stady
Pitching: RHP David Esposito
Batting: RHB Santos Guadalupe 0-0: Ball
1-0: Called Strike
1-1: Swinging Strike
1-2: Ball
2-2: Strikes out swinging
Batting: RHB Chris Yancey 0-0: Called Strike
0-1: Ball
1-1: Ball
2-1: Ground out 6-3 (Groundball, 6MS, EV 83.1 MPH)
Batting: RHB Edolf Vlemmings 0-0: Ball
1-0: Ball
2-0: Called Strike
2-1: Foul Ball, location: 2F
2-2: Ball
3-2: Foul Ball, location: 2F
3-2: Foul Ball, location: 2F
3-2: Base on Balls
Pinch Hitting: LHB Casper Kersten 0-0: Ball
1-0: SINGLE (Flyball, 89S, EV 88.8 MPH)
Edolf Vlemmings to second
Batting: RHB Nelson Trujillo 0-0: Called Strike
0-1: Ball
1-1: Swinging Strike
1-2: Foul Ball, location: 2F
1-2: Strikes out swinging
Bottom of the 8th over - 0 runs, 1 hit, 0 errors, 2 left on base; Connecticut 16 - Mahoning Valley 3
TOP OF THE 9TH
Connecticut Tigers batting - Pitching for Mahoning Valley Scrappers : RHP John Gernaat
Now at 3B: Casper Kersten
Batting: SHB Dan Crutchfield 0-0: Swinging Strike
0-1: Called Strike
0-2: Ball
1-2: Foul Ball, location: 2F
1-2: Ball
2-2: Strikes out looking
Batting: LHB Jeff Trapp 0-0: Ball
1-0: Called Strike
1-1: Fly out, F7 (Flyball, 78M, EV 81.2 MPH)
Batting: RHB Travis Newton 0-0: Ball
1-0: Ball
2-0: Called Strike
2-1: Called Strike
2-2: Strikes out swinging
Top of the 9th over - 0 runs, 0 hits, 0 errors, 0 left on base; Connecticut 16 - Mahoning Valley 3
BOTTOM OF THE 9TH
Mahoning Valley Scrappers batting - Pitching for Connecticut Tigers : RHP David Esposito
Batting: RHB Jonathan Underhill 0-0: Called Strike
0-1: Foul Ball, location: 2F
0-2: Fly out, F8 (Flyball, 89S, EV 83.8 MPH)
Batting: RHB Jorge Valles 0-0: Ball
1-0: Foul Ball, location: 2F
1-1: Called Strike
1-2: Ball
2-2: Ball
3-2: Fly out, F9 (Flyball, 9LM, EV 96.2 MPH)
Batting: RHB Mike Sims 0-0: Ball
1-0: Foul Ball, location: 2F
1-1: Ball
2-1: Called Strike
2-2: Ball
3-2: Base on Balls
Pinch Hitting: RHB Alex Salerno 0-0: Foul Ball, location: 2F
0-1: Ball
1-1: Called Strike
1-2: Fielders Choice at 2nd, 5-4 (Groundball, 5, EV 84.4 MPH)
Bottom of the 9th over - 0 runs, 0 hits, 0 errors, 1 left on base; Connecticut 16 - Mahoning Valley 3
Wednesday, June 22nd , 2022 - OOTP Baseball 23.4 Build 64